 Dungeon Crawl Stone Soup version 0.22-a0-109-gbeb7240 (webtiles) character file.

101 4thArraOfDagon the Firebug (level 4, 0/27 HPs)
             Began as an Octopode Fire Elementalist on Jan 26, 2018.
             Slain by an orc priest (3 damage)
             ... on level 4 of the Dungeon.
             The game lasted 00:03:55 (596 turns).

4thArraOfDagon the Firebug (OpFE)                    Turns: 596, Time: 00:03:56

Health: 0/27       AC:  1    Str:  7    XL:     4   Next: 75%
Magic:  2/7        EV: 13    Int: 18    God:
Gold:   54         SH:  0    Dex: 12    Spells: 4/8 levels left

rFire    + . .     SeeInvis .   c - +0 dagger (drain)
rCold    + . .     Gourm    .   (no shield)
rNeg     . . .     Faith    .   (helmet restricted)
rPois    +         Spirit   .   k - amulet of harm
rElec    +         Reflect  .   (no ring)
rCorr    +         Harm     +   (no ring)
MR       .....                  (no ring)
Stlth    +++.......             (no ring)
HPRegen  0.09/turn              (no ring)
MPRegen  0.10/turn              (no ring)
                                (no ring)
                                (no ring)

@: lethally poisoned (0 -> -6), resistant, flying
A: almost no armour, stealthy swim, amphibious, 8 rings, constrict 8, camouflage
1, gelatinous body 1
a: no special abilities


You were on level 4 of the Dungeon.
You were not hungry.

You visited 1 branch of the dungeon, and saw 4 of its levels.

You collected 54 gold pieces.

Inventory:

Hand Weapons
 c - a +0 dagger of draining (weapon)
Missiles
 g - 7 curare-tipped needles
Jewellery
 k - an amulet of harm (around mantle)
Scrolls
 h - a scroll of fear {unknown}
 j - a scroll of immolation {unknown}
Potions
 l - a potion of agility
 n - a potion of degeneration {unknown}
Books
 a - a book of Flames

   Spells                             Type                      Level
   a - Flame Tongue                   Conjuration/Fire             1
   b - Throw Flame                    Conjuration/Fire             2
   c - Conjure Flame                  Conjuration/Fire             3
   d - Inner Flame                    Hexes/Fire                   3
   e - Sticky Flame                   Conjuration/Fire             4
   f - Fireball                       Conjuration/Fire             5
 f - a book of Clouds

   Spells                             Type                      Level
   a - Poisonous Vapours              Poison/Air                   2
   b - Mephitic Cloud                 Conjuration/Poison/Air       3
   c - Conjure Flame                  Conjuration/Fire             3
   d - Freezing Cloud                 Conjuration/Ice/Air          6
   e - Ring of Flames                 Charms/Fire                  7
Comestibles
 b - 3 rations


   Skills:
 - Level 2.0 Dodging
 - Level 2.6 Stealth
 + Level 2.6 Spellcasting
 * Level 2.8 Conjurations
 * Level 4.0 Fire Magic


You had 4 spell levels left.
You knew the following spells:

 Your Spells              Type           Power        Failure   Level  Hunger
a - Flame Tongue          Conj/Fire      ##...        4%          1    #......
b - Conjure Flame         Conj/Fire      ##......     12%         3    ###....


Dungeon Overview and Level Annotations

Branches:
Dungeon (4/15)
 Temple: D:4-7

Altars:


Innate Abilities, Weirdness & Mutations

You cannot wear most types of armour.
You are very stealthy in the water. (Stealth+)
You are amphibious.
You can wear up to eight rings at the same time.
You can use your tentacles to constrict eight enemies at once.
Your skin changes colour to match your surroundings (Stealth+).
Your rubbery body absorbs attacks. (AC +1, EV +1)


Message History

* * * LOW HITPOINT WARNING * * *
You are lethally poisoned!
The adder poisons you! The orc priest misses you.
Unknown command.
Unknown command.
Casting: Flame Tongue (safe; 4% risk of failure)
Confirm with . or Enter, or press ? or * to list all spells.
Okay, then.
You feel protected.
You constrict the orc priest, but do no damage.
* * * LOW HITPOINT WARNING * * *
You feel sick. The adder barely misses you.
The orc priest looks satisfied for a moment.
Unknown command.
It was a potion of flight.
You feel very buoyant.
You fly up into the air.
You constrict the orc priest. The adder bites you.
* * * LOW HITPOINT WARNING * * *
The adder barely misses you. The orc priest hits you.
You die...

#....## ##.......#
###.........#
##............#
##..............#
#...............##
.................#
................@##
................oS#
..................##
...................#
...................#
...................#
.................)[#
#.................##
#####.................o..


You could see an orc priest and an adder.

Vanquished Creatures
  An orc priest (D:4)
  2 adders (D:2)
  An adder skeleton (D:4)
  3 worms (D:2)
  2 orcs (D:4)
  A giant cockroach (D:2)
  4 hobgoblins (D:1)
  3 bats (D:1)
  4 frilled lizards
  4 kobolds
  A rat (D:1)
26 creatures vanquished.

Vanquished Creatures (others)
  An orc wizard (D:4)
1 creature vanquished.

Grand Total: 27 creatures vanquished

Notes
Turn   | Place    | Note
-------+----------+-------------------------------------------
     0 | D:1      | 4thArraOfDagon the Octopode Fire Elementalist began the quest for the Orb.
     0 | D:1      | Reached XP level 1. HP: 11/11 MP: 3/3
   173 | D:1      | Reached XP level 2. HP: 15/17 MP: 1/5
   264 | D:2      | Reached XP level 3. HP: 21/21 MP: 6/6
   270 | D:2      | Learned a level 3 spell: Conjure Flame
   519 | D:4      | Noticed an ogre
   570 | D:4      | Reached XP level 4. HP: 17/27 MP: 3/7
   576 | D:4      | Reached skill level 4 in Fire Magic
   588 | D:4      | p0werm0de: !hs * opfe
   590 | D:4      | beem: 21865. eld the Pyromancer (L27 OpFE of Vehumet), escaped with the Orb and 15 runes on 2017-11-13 18:50:05, with 32738489 points after 45015 turns and 8:12:26.
   596 | D:4      | Slain by an orc priest

Vault maps used:
D:1:      mrwooster_arrival_statue_2, lemuel_flame_loot_1
D:2:      serial_glass, glass_columns_c, glass_columns_a
D:3:      ashenzari_altar_1, uniq_crazy_yiuf_cottage
D:4:      grunt_qazlal_clouds, portal_sewer_entry_d, serial_shops, shop,
          first_ration, uniq_blork_the_orc

Skill      XL: |  1  2  3  4 |
---------------+-------------+-----
Conjurations   | 2 |  2.8
Fire Magic     | 4 |  4.0
Dodging        | |  2.0
Stealth        | |  2.6
Spellcasting   | |  2.6

Action                   |  1- 3 |  4- 6 || total
-------------------------+-------+-------++-------
Melee: Dagger            |    37 |     8 ||    45
       Constrict         |    12 |     2 ||    14
       Tentacles         |     4 |       ||     4
 Cast: Flame Tongue      |    23 |     4 ||    27
       Conjure Flame     |     1 |       ||     1
  Use: Scroll            |     3 |       ||     3
       Potion            |       |     4 ||     4
 Stab: Sleeping          |     5 |       ||     5
Armor: Skin              |     9 |       ||     9
Dodge: Dodged            |    20 |    11 ||    31

Table legend:
 A = Spawn XP
 B = Non-spawn XP
 C = Spawn XP percentage of total XP
 D = Spawn monster count
 E = Non-spawn monster count
 F = Spawn count percentage of total count
 G = Total turns spent on level
                    A         B        C        D         E        F      G
               +---------+---------+-------+---------+---------+-------+---------
         Total |       0 |     145 |   0.0 |       0 |      27 |   0.0 |   596
               +---------+---------+-------+---------+---------+-------+---------
           D:1 |       0 |      20 |   0.0 |       0 |      14 |   0.0 |   205
           D:2 |       0 |      46 |   0.0 |       0 |       8 |   0.0 |   228
           D:4 |       0 |      79 |   0.0 |       0 |       5 |   0.0 |   110
               +---------+---------+-------+---------+---------+-------+---------
